 Dungeon Crawl Stone Soup version 0.30-a0-310-g7d6cbdfea6 (webtiles) character file.

Game seed: 9438906955007079940

34223 Lobster4 the Tainter (level 13, -16/103 HPs)
             Began as a Merfolk Venom Mage on Oct 24, 2022.
             Was a High Priest of the Shining One.
             Engulfed by a red draconian's flame (24 damage)
             ... in a volcano on Oct 25, 2022.
             The game lasted 01:04:13 (20320 turns).

Lobster4 the Tainter (Merfolk Venom Mage)          Turns: 20320, Time: 01:04:14

Health: -16/103    AC: 13    Str: 21    XL:     13   Next: 76%
Magic:  23/27      EV: 20    Int: 18    God:    the Shining One [*****.]
Gold:   1222       SH:  0    Dex: 16    Spells: 25/32 levels left

rFire   . . .      SeeInvis +    b - +3 shortbow (vorpal)
rCold   + + +      Faith    .    (shield currently unavailable)
rNeg    + + .      Spirit   .    X - +4 skin of Zhor {*Englaciate rC+++ SInv}
rPois   .          Reflect  .    f - +1 helmet
rElec   .          Harm     .    (no cloak)
rCorr   .          Rampage  .    Y - +2 pair of gloves
Will    .....                    d - +1 pair of boots
Stlth   ++........               (no amulet)
HPRegen 0.37/turn                v - ring "Izionlenn" {Will- EV+4 Str+7 Slay+5 Stlth+}
MPRegen 0.20/turn                F - +6 ring of strength

@: glowing
A: (nimble swimmer 2), mertail
a: Renounce Religion, Divine Shield, Cleansing Flame, Summon Divine Warrior


You were in a volcano.
You worshipped the Shining One.
The Shining One was extremely pleased with you.
You visited 4 branches of the dungeon, and saw 17 of its levels.
You also visited: Volcano.

You collected 1480 gold pieces.
You spent 258 gold pieces at shops.

Inventory:

Hand Weapons
 b - a +3 vorpal shortbow (weapon)
 w - a +2 mace of holy wrath
 A - a +3 vorpal spear
 E - a +0 trident
Missiles
 g - 32 poisoned darts
 m - a silver boomerang
 y - 5 atropa-tipped darts
 L - a boomerang
 N - 2 curare-tipped darts
 S - a throwing net
Armour
 d - a +1 pair of boots (worn)
 f - a +1 helmet (worn)
 l - a +2 robe of willpower
 o - a +1 plate armour of fire resistance
 z - a +0 troll leather armour
 H - +0 steam dragon scales
 I - a +2 robe of cold resistance
 X - the +4 skin of Zhor (worn) {*Englaciate rC+++ SInv}
   (You found it on level 1 of the Lair of Beasts)

   It radiates cold, occasionally slowing all nearby creatures who are not
   resistant to cold.
   rC:        It renders you almost immune to cold.
   SInv:      It lets you see invisible.
 Y - a +2 pair of gloves (worn)
Magical Staves
 a - a staff of poison
 P - a staff of air
Jewellery
 v - the ring "Izionlenn" (left hand) {Will- EV+4 Str+7 Slay+5 Stlth+}
   (You found it on level 3 of the Dungeon)

   [ring of evasion]

   EV:        It affects your evasion (+4).
   Str:       It affects your strength (+7).
   Slay:      It affects your accuracy & damage with ranged weapons and melee
   (+5).
   Will:      It decreases your willpower.
   Stlth:     It makes you more stealthy.
 F - a +6 ring of strength (right hand)
 Q - a ring of positive energy
Wands
 k - a wand of charming (9)
 r - a wand of mindburst (10)
 G - a wand of quicksilver (2)
 V - a wand of flame (16)
Scrolls
 h - 4 scrolls of poison
 j - 3 scrolls of enchant weapon
 n - a scroll of identify
 p - 2 scrolls of magic mapping
 q - a scroll of silence {unknown}
 x - 2 scrolls of butterflies
 O - 2 scrolls of teleportation
 R - a scroll of amnesia {unknown}
 W - 2 scrolls of enchant armour
Potions
 c - 3 potions of curing
 e - 2 potions of haste
 i - 2 potions of flight
 u - 5 potions of cancellation
 D - a potion of magic
 J - 2 potions of ambrosia
 M - a potion of brilliance {unknown}
 U - a potion of lignification


   Skills:
 - Level 10.0 Fighting
 + Level 9.8(10.5) Polearms
 - Level 3.4(5.3) Staves
 - Level 3.0 Ranged Weapons
 - Level 2.0 Throwing
 + Level 1.5 Armour
 - Level 8.0 Dodging
 - Level 7.0 Stealth
 + Level 10.3 Spellcasting
 - Level 2.0 Transmutations
 - Level 3.0 Air Magic
 + Level 12.3 Poison Magic
 - Level 5.0 Invocations
 - Level 5.0 Evocations


You had 25 spell levels left.
You knew the following spells:

 Your Spells              Type           Power      Damage    Failure   Level
a - Sting                 Tmut/Pois      100%       1d8       1%          1
b - Poisonous Vapours     Pois/Air       72%        N/A       1%          2
c - Olgreb's Toxic Radia  Pois           52%        N/A       1%          4

Your spell library contained the following spells:

 Spells                   Type           Power      Damage    Failure   Level
 Mephitic Cloud           Conj/Pois/Air  27%        N/A       2%          3
 Shock                    Conj/Air       56%        1d6       4%          1
 Swiftness                Air            20%        N/A       7%          3
 Slow                     Hex            36%        N/A       8%          1
 Airstrike                Air            10%        2d(2-18)  22%         4
 Confusing Touch          Hex            9%         N/A       24%         3
 Gell's Gravitas          Tloc           9%         N/A       24%         3
 Inner Flame              Hex/Fire       9%         N/A       24%         3
 Lesser Beckoning         Tloc           18%        N/A       24%         3
 Teleport Other           Tloc           9%         N/A       24%         3
 Vampiric Draining        Necr           9%         2d6       24%         3
 Flame Wave               Conj/Fire      9%         2d6       61%         4
 Sticky Flame             Conj/Fire      9%         2d3       61%         4


Dungeon Overview and Level Annotations

Branches:
Dungeon (12/15)            Temple (1/1) D:4            Lair (2/5) D:9
  Swamp (0/4) Lair:2          Orc (2/2) D:11            Elf (0/3) Orc:2
Volcano (1/1)
  Snake: Lair:2-3    Spider: Lair:2-3

Altars:
Ashenzari
Cheibriados
Dithmenos
Elyvilon
Fedhas
Gozag
Hepliaklqana
Kikubaaqudgha
Makhleb
Nemelex Xobeh
Okawaru
Qazlal
Ru
Sif Muna
Trog
Uskayaw
Vehumet
Wu Jian
Xom
Yredelemnul
Zin
The Shining One

Shops:
D:3 (   D:4 ?   Orc:2 :*:(

Portals:
Trove: D:10 (give +4 ice dragon scales)

Annotations:
D:5 exclusion: ice beast
D:8 4 transporters
D:11 1 runed translucent door, petzl's ghost, amateur FoHu
Orc:2 3 runed translucent doors, koil's ghost, journeyman SpBr


Innate Abilities, Weirdness & Mutations

((You are very nimble when in or above water. (Stealth+, EV+, Speed+++)))
Your lower body shifts to a powerful aquatic tail in water.


Message History

Aiming: Poisonous Vapours (safe; 1% risk of failure)
Press: ? - help, Dir - move target, f/p - red draconian
Aim: a red draconian, wielding a +3 scimitar of flaming and wearing a +0 cloak (lightly wounded, very poisoned, haloed) Poisonous vapours surround the red draconian!
The red draconian looks as sick as possible!
The red draconian breathes fire at you. The searing blast hits you!!
Casting: Poisonous Vapours (safe; 1% risk of failure)
Confirm with . or Enter, or press ? or * to list all spells.
Aiming: Poisonous Vapours (safe; 1% risk of failure)
Press: ? - help, Dir - move target, f/p - red draconian
Aim: a red draconian, wielding a +3 scimitar of flaming and wearing a +0 cloak (lightly wounded, very poisoned, haloed) Poisonous vapours surround the red draconian!
The red draconian looks as sick as possible!
The red draconian breathes fire at you. The searing blast hits you!!!
* * * LOW HITPOINT WARNING * * *
You feel much better.
You are engulfed in blazing flames.
Aiming: Mindburst
Press: ? - help, Shift-Dir - straight line, f/p - red draconian
Aim: a red draconian, wielding a +3 scimitar of flaming and wearing a +0 cloak (moderately wounded, extremely poisoned, catching its breath, haloed, chance to affect: 67%)
The red draconian's mind is blasted!!
You radiate an aura of cold.
The red draconian resists.
You are engulfed in blazing flames.
* * * LOW HITPOINT WARNING * * *
Aiming: Mindburst
Press: ? - help, Shift-Dir - straight line, f/p - red draconian
Aim: a red draconian, wielding a +3 scimitar of flaming and wearing a +0 cloak (flame, heavily wounded, extremely poisoned, catching its breath, haloed, chance to affect: 67%)
The red draconian struggles to resist.
You are engulfed in blazing flames.
* * * LOW HITPOINT WARNING * * *
The red draconian is engulfed in blazing flames.
Aiming: Mindburst
Press: ? - help, Shift-Dir - straight line, f/p - red draconian
Aim: a red draconian, wielding a +3 scimitar of flaming and wearing a +0 cloak (heavily wounded, extremely poisoned, catching its breath, haloed, chance to affect: 67%)
The red draconian's mind is blasted!
You are engulfed in blazing flames.
The Shining One protects you from harm!
Aiming: Mindburst
Press: ? - help, Shift-Dir - straight line, f/p - red draconian
Aim: a red draconian, wielding a +3 scimitar of flaming and wearing a +0 cloak (severely wounded, extremely poisoned, haloed, chance to affect: 67%)
The red draconian struggles to resist.
You are engulfed in blazing flames.
You die...

##≈≈☼≈## ##≈≈≈≈≈§## §§
#≈≈≈..≈§§# ≈.O ##.[)!§§##
$[§§ ###.).#.# )!. #..∩#..#
#.≈ ######.###### #.≈#
######..##.##.###
#..######d@.............##.
#........≈≈§§≈≈≈≈.).....#
###....≈≈§≈§§§≈≈≈§.)..###
##...§≈§≈§§≈≈≈§§§§....#
#...§≈≈≈§§≈≈≈§§.....##
##...≈§§§≈§≈≈≈≈≈§§...#
#....§§§≈§§§≈≈≈.....#
###..§.≈§§§≈.....####
#.......§.....#.##


You could see a red draconian (extremely poisoned).

Vanquished Creatures
  5 ogre magi
  2 boulder beetles
  17 two-headed ogres
  An orc high priest (Orc:1)
  Lodul (D:11)
  3 orc knights
  An orc sorcerer (Orc:2)
  A torpor snail (Lair:1)
  2 cane toads (Lair:1)
  3 rime drakes (Lair:1)
  Maggie (D:6)
  A kobold demonologist (D:11)
  3 komodo dragons
  A polar bear (Lair:1)
  6 trolls
  A hornet (D:9)
  A shadow (D:10)
  2 wyverns
  3 vampires
  9 yaks
  A basilisk (Lair:1)
  3 steam dragons
  2 wargs (Orc:1)
  8 water moccasins
  Duvessa (D:6)
  An ice beast (D:8)
  14 orc warriors
  A black bear (D:6)
  2 sky beasts
  35 ogres
  5 centaurs
  3 phantoms
  Blork the orc (D:6)
  2 kobold brigands
  6 bullfrogs
  2 gnoll sergeants
  6 scorpions
  7 wights
  Dowan (D:6)
  5 killer bees (D:9)
  9 howler monkeys
  5 hounds
  2 jellies
  3 gnoll boudas
  10 orc priests
  6 iguanas
  20 orc wizards
  25 gnolls
  11 adders
  3 shadow imps
  2 white imps
  An ufetubus (D:5)
  A worm (D:4)
  5 dart slugs
  66 orcs
  8 ball pythons
  6 bats
  7 endoplasms
  5 giant cockroaches
  5 goblins
  8 hobgoblins
  5 jackals
  12 kobolds
  4 frilled lizards
  3 rats
  A butterfly (Lair:1)
403 creatures vanquished.

Vanquished Creatures (others)
  58 fungi
  61 plants (D:9)
119 creatures vanquished.

Grand Total: 522 creatures vanquished

Notes
Turn   | Place    | Note
-------+----------+-------------------------------------------
     0 | D:1      | Lobster4 the Merfolk Venom Mage began the quest for the
                  | Orb.
     0 | D:1      | Reached XP level 1. HP: 13/13 MP: 3/3
   136 | D:1      | Reached XP level 2. HP: 20/20 MP: 1/5
   911 | D:2      | Reached XP level 3. HP: 25/25 MP: 2/6
  1161 | D:2      | Reached skill level 1 in Fighting
  1596 | D:2      | Reached XP level 4. HP: 28/32 MP: 2/7
  1828 | D:2      | Reached skill level 1 in Throwing
  2011 | D:3      | Learned a level 2 spell: Poisonous Vapours
  2131 | D:3      | Identified the ring "Izionlenn" {Will- EV+4 Str+7 Slay+5
                  | Stlth+}
  2208 | D:3      | Reached XP level 5. HP: 24/38 MP: 3/8
  2749 | D:3      | Found Ziuwu's Weapon Boutique.
  3156 | D:4      | Reached skill level 1 in Polearms
  3190 | D:3      | Reached skill level 4 in Poison Magic
  3321 | D:4      | Reached skill level 1 in Air Magic
  3321 | D:4      | Reached XP level 6. HP: 31/44 MP: 5/10
  3379 | D:4      | Found Habif's Magic Scroll Emporium.
  3387 | D:4      | Bought a scroll of noise for 14 gold pieces
  3390 | D:4      | Bought a scroll of teleportation for 42 gold pieces
  3390 | D:4      | Bought a scroll of magic mapping for 105 gold pieces
  3419 | D:4      | Found a snail-covered altar of Cheibriados.
  3440 | D:4      | Found a staircase to the Ecumenical Temple.
  3794 | Temple   | Entered the Ecumenical Temple
  3823 | Temple   | Became a worshipper of the Shining One
  4150 | D:4      | Found a white marble altar of Elyvilon.
  4349 | D:4      | Found a sacrificial altar of Ru.
  4376 | D:5      | Entered Level 5 of the Dungeon
  4587 | D:5      | Noticed an ice beast
  4609 | D:5      | Noticed a water moccasin
  4671 | D:5      | Reached skill level 1 in Evocations
  4866 | D:5      | Reached XP level 7. HP: 13/51 MP: 5/11
  5019 | D:5      | Found a basalt altar of Yredelemnul.
  5172 | D:5      | Reached skill level 1 in Staves
  5317 | D:5      | Found a shimmering blue altar of Sif Muna.
  5688 | D:5      | The Shining One protects you from harm!
  5696 | D:5      | Reached XP level 8. HP: 8/58 MP: 8/13
  6289 | D:5      | Learned a level 4 spell: Olgreb's Toxic Radiance
  6334 | D:6      | Reached skill level 5 in Dodging
  6415 | D:6      | Reached * piety under the Shining One
  6568 | D:6      | Noticed a troll
  6576 | D:6      | Killed a troll
  6577 | D:6      | Reached skill level 5 in Poison Magic
  6637 | D:6      | Reached skill level 5 in Stealth
  6638 | D:6      | Noticed Blork the orc
  6650 | D:6      | Killed Blork the orc
  6780 | D:6      | Reached XP level 9. HP: 51/65 MP: 11/15
  6957 | D:6      | Noticed Maggie
  6981 | D:6      | Killed Maggie
  6982 | D:6      | Reached skill level 6 in Poison Magic
  7294 | D:6      | Noticed a boulder beetle
  7315 | D:6      | Found a burning altar of Makhleb.
  7317 | D:6      | Noticed Duvessa
  7318 | D:6      | Noticed Dowan
  7332 | D:6      | Killed Duvessa
  7344 | D:6      | Killed Dowan
  7521 | D:6      | Killed a boulder beetle
  7522 | D:6      | Reached skill level 5 in Fighting
  7645 | D:7      | Found a shimmering altar of Xom.
  7647 | D:7      | Found a shimmering altar of Xom.
  7647 | D:7      | Found a shimmering altar of Xom.
  7652 | D:7      | Found a shimmering altar of Xom.
  7654 | D:7      | Found a shimmering altar of Xom.
  7654 | D:7      | Found a shimmering altar of Xom.
  7662 | D:7      | Found a shimmering altar of Xom.
  7683 | D:7      | Reached skill level 5 in Spellcasting
  7692 | D:7      | Reached XP level 10. HP: 74/74 MP: 4/17
  7830 | D:7      | Reached skill level 1 in Invocations
  8047 | D:7      | Found a shadowy altar of Dithmenos.
  8266 | D:7      | Found a radiant altar of Vehumet.
  8341 | D:7      | Reached skill level 1 in Ranged Weapons
  8513 | D:7      | Reached ** piety under the Shining One
  9006 | D:8      | Reached skill level 5 in Evocations
  9247 | D:8      | Found a transporter.
  9249 | D:8      | Found a transporter.
  9405 | D:8      | Found a stormy altar of Qazlal.
  9696 | D:8      | Found a transporter.
  9698 | D:8      | Found a transporter.
  9866 | D:9      | Found a broken altar of Ashenzari.
  9906 | D:9      | Noticed a two-headed ogre
  9927 | D:9      | Killed a two-headed ogre
  9928 | D:9      | Reached skill level 7 in Poison Magic
 10548 | D:9      | Reached XP level 11. HP: 75/83 MP: 7/20
 11105 | D:9      | Found a staircase to the Lair.
 11314 | D:9      | Reached skill level 8 in Poison Magic
 11418 | D:9      | Found an ornate altar of the Wu Jian Council.
 11546 | D:9      | Found a bloodstained altar of Trog.
 11826 | D:10     | Entered Level 10 of the Dungeon
 11894 | D:10     | Found a portal to a secret trove of treasure.
 11945 | D:10     | Reached *** piety under the Shining One
 12187 | D:10     | Found a sparkling altar of Nemelex Xobeh.
 12235 | D:10     | Found a transporter.
 12583 | D:10     | Found a transporter.
 12734 | D:11     | Reached skill level 5 in Polearms
 12839 | D:11     | Noticed Lodul
 12859 | D:11     | Killed Lodul
 13002 | D:11     | Found a runed translucent door.
 13006 | D:11     | Found a shimmering altar of Xom.
 13006 | D:11     | Noticed petzl's ghost (amateur FoHu)
 13007 | D:11     | Noticed a +0 halberd of chaos
 13095 | D:11     | Noticed a two-headed ogre
 13126 | D:11     | Killed a two-headed ogre
 13297 | D:11     | Noticed a sun demon
 13981 | D:11     | Reached skill level 9 in Poison Magic
 14106 | D:11     | Found a staircase to the Orcish Mines.
 14287 | D:12     | Noticed a boulder beetle
 14301 | D:12     | Killed a boulder beetle
 14302 | D:12     | Reached XP level 12. HP: 55/93 MP: 12/23
 14420 | Orc:1    | Entered Level 1 of the Orcish Mines
 15145 | Orc:1    | Reached **** piety under the Shining One
 15408 | Orc:1    | Noticed an orc high priest
 15424 | Orc:1    | Killed an orc high priest
 15934 | Orc:2    | Entered Level 2 of the Orcish Mines
 16285 | Orc:2    | Found a runed translucent gate.
 16285 | Orc:2    | Found a runed translucent gate.
 16285 | Orc:2    | Found a runed translucent gate.
 16286 | Orc:2    | Noticed koil's ghost (journeyman SpBr)
 16301 | Orc:2    | Found a staircase to the Elven Halls.
 16357 | Orc:1    | HP: 4/94 [orc knight/+0 great sword (10)]
 16537 | Orc:2    | Noticed a two-headed ogre
 16537 | Orc:2    | Noticed a two-headed ogre
 16537 | Orc:2    | Noticed a two-headed ogre
 16537 | Orc:2    | Noticed a two-headed ogre
 16537 | Orc:2    | Noticed a two-headed ogre
 16538 | Orc:2    | Noticed an ogre mage
 16580 | Orc:2    | Killed a two-headed ogre
 16649 | Orc:2    | Noticed a two-headed ogre
 16672 | Orc:2    | Reached skill level 5 in Invocations
 16678 | Orc:2    | Killed a two-headed ogre
 16787 | Orc:2    | Killed an ogre mage
 16788 | Orc:2    | Reached skill level 10 in Poison Magic
 16878 | Orc:2    | Noticed a two-headed ogre
 16898 | Orc:2    | Killed a two-headed ogre
 16913 | Orc:2    | Noticed a two-headed ogre
 16923 | Orc:2    | Killed a two-headed ogre
 17001 | Orc:2    | Noticed an ogre mage
 17006 | Orc:2    | Noticed a two-headed ogre
 17015 | Orc:2    | Killed a two-headed ogre
 17146 | Orc:2    | Killed an ogre mage
 17224 | Orc:2    | Found Kehuog's Assorted Antiques.
 17224 | Orc:2    | Found Wepna's Book Emporium.
 17229 | Orc:2    | Found Yduac's Weapon Shoppe.
 17229 | Orc:2    | Found Totiobia's Book Shop.
 17294 | Orc:2    | Killed a two-headed ogre
 17295 | Orc:2    | Reached XP level 13. HP: 103/103 MP: 15/25
 17414 | Orc:2    | Reached skill level 10 in Fighting
 17663 | Orc:2    | Reached skill level 11 in Poison Magic
 18323 | Orc:2    | Reached ***** piety under the Shining One
 18671 | Orc:2    | Bought a scroll of identify for 50 gold pieces
 18736 | Orc:2    | Bought a scroll labelled KAB ERUDAOTAOZI for 25 gold pieces
 18736 | Orc:2    | Bought a red potion for 22 gold pieces
 18910 | Lair:1   | Entered Level 1 of the Lair of Beasts
 19052 | Lair:1   | Reached skill level 10 in Spellcasting
 19052 | Lair:1   | Reached skill level 12 in Poison Magic
 19434 | Lair:1   | Found the +4 skin of Zhor {*Englaciate rC+++ SInv}
 19567 | Lair:1   | Reached skill level 1 in Armour
 19913 | Lair:2   | Found a dark tunnel.
 19925 | Volcano  | Entered a volcano
 20304 | Volcano  | Noticed a red draconian
 20319 | Volcano  | The Shining One protects you from harm!
 20320 | Volcano  | Engulfed by a red draconian's flame

Illustrated notes

Levels and vault maps discovered:
D:1:      minmay_arrival_cross, layout_basic, minivault_19
D:2:      layout_basic
D:3:      layout_basic, serial_shops, shop
D:4:      layout_basic, mainiacjoe_overflow_24_doors,
          mainiacjoe_overflow_brackets, lemuel_tele_altar,
          minmay_temple_entry_grid, serial_shops, nicolae_shop_advertising_works
          [nicolae_subvault_shop_adworks], st_stairs_9
D:5:      layout_basic, overflow_temple_1_default,
          nicolae_sif_muna_condensation, dreamdust_gnoll_farm
D:6:      layout_gridville, mainiacjoe_overflow_surrounded_room,
          grunt_ministairs_2, minmay_starry_boxes, uniq_maggie, uniq_duvessa,
          uniq_blork_the_orc
D:7:      layout_gridville, vehumet_crystals, lemuel_round_altar,
          nicolae_xom_altar_mimics, corner_web_ring, minivault_11
D:8:      layout_cave_pools, lemuel_round_altar, nicolae_transporter_circle
D:9:      minmay_general_purpose_star, layout_irregular_city,
          trog_butcher_becter, evilmike_ruin_ashenzari,
          nzn_wu_jian_council_hall, due_lair_maze_entry_diamond
D:10:     layout_loops_ring, mainiacjoe_overflow_alcove_4,
          nicolae_trove_entry_isolated, nicolae_diode_stairs
D:11:     layout_stronghold, orc_0_dummy, ebering_ghost_xom,
          kennysheep_generic_room_8, uniq_lodul
D:12:     layout_roguey
Temple:   hellmonk_temple_of_storms
Lair:1:   layout_long_grid, hellmonk_guarded_unrand_zhor, lemuel_fruit_tree,
          lemuel_fruit_fields
Lair:2:   layout_layer_cave, minmay_swamp_entry_reptiles,
          nicolae_volcano_entry_hallway, beast_lair_carwin_9, uniq_harold
Orc:1:    layout_caves, basic_altar, minmay_orc_temple_c
Orc:2:    st_orc_ogre_mass, layout_caves, basic_altar, ebering_ghost_rock_garden
Volcano:  volcano_pools

Skill      XL: |  1  2  3  4  5  6  7  8  9 10 11 12 13 |
---------------+----------------------------------------+-----
Dodging        | 3 4 6 7 8 |  8.0
Transmutations | 2 |  2.0
Fighting       | 1 2 3 4 5 6 8 9 10 | 10.0
Throwing       | 1 2 |  2.0
Stealth        | 3 4 5 6 7 |  7.0
Polearms       | 1 2 3 6 9 |  9.8
Poison Magic   | 4 5 6 7 9 10 12 | 12.3
Air Magic      | 1 2 3 |  3.0
Spellcasting   | 3 4 5 6 7 8 10 | 10.3
Evocations     | 1 3 4 5 |  5.0
Staves         | 1 2 3 |  3.4
Invocations    | 3 5 |  5.0
Ranged Weapons | 2 3 |  3.0
Armour         | 1 |  1.5

Action                   |  1- 3 |  4- 6 |  7- 9 | 10-12 | 13-15 || total
-------------------------+-------+-------+-------+-------+-------++-------
Melee: Short sword       |    34 |       |       |       |       ||    34
       Rapier            |    18 |    15 |       |       |       ||    33
       Trident           |       |    47 |    47 |       |       ||    94
       Staff             |       |    36 |     6 |    82 |       ||   124
       Spear             |       |     2 |    60 |   109 |   126 ||   297
       Halberd           |       |       |     7 |       |       ||     7
       Mace              |       |       |     5 |    15 |       ||    20
       Punch             |       |       |       |     1 |     3 ||     4
 Fire: Shortbow          |       |       |     9 |    61 |    19 ||    89
Throw: Dart              |       |     2 |     9 |       |       ||    11
 Cast: Sting             |    38 |   101 |    16 |    61 |    11 ||   227
       Poisonous Vapours |       |    27 |    64 |   320 |    97 ||   508
       Olgreb's Toxic Ra |       |       |       |    17 |     8 ||    25
Evoke: Wand              |       |       |     2 |     4 |     4 ||    10
  Use: Scroll            |     1 |     8 |     2 |    12 |     4 ||    27
       Potion            |       |       |     5 |     6 |     3 ||    14
 Stab: Sleeping          |     2 |     1 |       |       |       ||     3
       Distracted        |       |     1 |       |       |       ||     1
Armor: Robe              |    15 |    34 |    10 |       |       ||    59
       Skin              |       |       |     5 |       |       ||     5
       Troll leather arm |       |       |    12 |    42 |     8 ||    62
Dodge: Dodged            |    45 |   165 |   144 |   269 |    88 ||   711

Table legend: (Time is in decaauts)
 A = Elapsed time spent in this place.
 B = Non-inter-level travel time spent in this place.
 C = Inter-level travel time spent in this place.
 D = Time resting spent in this place.
 E = Time spent auto-exploring this place.
 F = Levels seen in this place.
 G = Mean time per level.
                   A        B        C        D        E       F      G
               +--------+--------+--------+--------+--------+-----+--------+
         Total |  20298 |  19306 |    992 |   3351 |  11155 |  18 | 1127.7 |
       Dungeon |  14503 |  13851 |    652 |   2493 |   8321 |  12 | 1208.6 |
        Temple |     44 |     44 |      0 |      0 |     20 |   1 |   44.0 |
          Lair |   1009 |    998 |     11 |      0 |    783 |   2 |  504.5 |
  Orcish Mines |   4364 |   4035 |    329 |    658 |   2014 |   2 | 2182.0 |
       Volcano |    375 |    375 |      0 |    200 |     17 |   1 |  375.0 |
               +--------+--------+--------+--------+--------+-----+--------+

Top non-repeatable levels by time:
   Orc:2: 2571 daAuts
     D:9: 2038 daAuts
     D:5: 1827 daAuts
   Orc:1: 1793 daAuts
    D:11: 1535 daAuts
     D:3: 1364 daAuts
     D:6: 1322 daAuts
     D:7: 1299 daAuts
     D:4: 1243 daAuts
    D:10: 1015 daAuts
     D:1: 963 daAuts
  Lair:1: 960 daAuts
     D:8: 904 daAuts
     D:2: 902 daAuts
 Volcano: 375 daAuts
